 Dungeon Crawl Stone Soup version 0.24.0-123-gd5b16e6ec5 (webtiles) character file.

Game seed: 12130169272487108707, levelgen mode: deterministic

618 Elellon the Cudgeler (level 7, -10/44 HPs)
             Began as a Gargoyle Fighter on Jan 2, 2020.
             Mangled by Prince Ribbit (12 damage)
             ... on level 5 of the Dungeon.
             The game lasted 00:13:09 (3746 turns).

Elellon the Cudgeler (Gargoyle Fighter)             Turns: 3746, Time: 00:13:10

Health: -10/44     AC: 15    Str: 22    XL:     7   Next: 45%
Magic:  7/7        EV:  5    Int:  8    God:
Gold:   177        SH:  9    Dex:  9    Spells: 6/6 levels left

rFire    . . .     SeeInvis .   a - +0 flail
rCold    . . .     Gourm    .   c - +0 shield
rNeg     + . .     Faith    .   o - +0 chain mail
rPois    ∞         Spirit   .   (no helmet)
rElec    +         Reflect  .   r - +0 cloak
rCorr    .         Harm     .   (no gloves)
MR       .....                  (no boots)
Stlth    ..........             (no amulet)
HPRegen  0.14/turn              (no ring)
MPRegen  0.10/turn              (no ring)

@: no status effects
A: negative energy resistance 1, electricity resistance, unbreathing,
petrification resistance, rot immunity, AC +4
a: no special abilities


You were on level 5 of the Dungeon.
You were not hungry.

You visited 1 branch of the dungeon, and saw 6 of its levels.

You collected 177 gold pieces.

Inventory:

Hand Weapons
 a - a +0 flail (weapon)
Missiles
 l - 15 poisoned darts (quivered)
Armour
 b - a +0 scale mail
 c - a +0 shield (worn)
 o - a +0 chain mail (worn)
 r - a +0 cloak (worn)
Wands
 j - a wand of clouds (4)
Scrolls
 e - a scroll of noise {unknown}
 k - a scroll of fear {unknown}
 m - 2 scrolls of blinking {unknown}
 n - 2 scrolls of teleportation {unknown}
 q - a scroll of enchant armour {unknown}
 t - a scroll of remove curse {unknown}
 u - 4 scrolls of identify
 v - a scroll of magic mapping {unknown}
 x - a scroll of random uselessness {unknown}
 y - a scroll of enchant weapon {unknown}
Potions
 d - a potion of might
 g - 5 potions of curing
 h - a potion of flight {unknown}
 i - 2 potions of agility
 p - a potion of lignification {unknown}
 s - a potion of magic {unknown}
 w - a potion of heal wounds {unknown}
Comestibles
 f - 7 rations


   Skills:
 + Level 4.3 Fighting
 * Level 6.3 Maces & Flails
 + Level 0.9 Throwing
 + Level 4.7 Armour
 - Level 0.2 Dodging
 - Level 4.1 Shields


You had 6 spell levels left.
You didn't know any spells.
Your spell library was empty.

Dungeon Overview and Level Annotations

Branches:
Dungeon (6/15)
 Temple: D:4-7

Altars:
Gozag
Yredelemnul

Shops:
D:6 [

Annotations:
D:3 2 transporters, Elellon's ghost, amateur DDFi
D:5 Prince Ribbit


Innate Abilities, Weirdness & Mutations

You are resistant to torment.
Your stone body is resilient. (AC +4)
You are immune to poison.
You resist negative energy. (rN+)
You are resistant to electric shocks. (rElec)
You can survive without breathing.
You are immune to petrification.
You are immune to rotting.


Message History

You block the orc's attack. Prince Ribbit hits you.
* * * LOW HITPOINT WARNING * * *
You closely miss the orc.
The orc is almost dead.
Prince Ribbit hits you.
* * * LOW HITPOINT WARNING * * *
The orc hits you but does no damage.
You sock the orc!
You kill the orc!
Prince Ribbit barely misses you.
Prince Ribbit hits you but does no damage.
There is an open door, spattered with blood here.
You see here a +0 mace.
You miss Prince Ribbit.
Prince Ribbit blinks!
Prince Ribbit lets out a mournful croak.
You block Prince Ribbit's attack.
There is an open door, spattered with blood here.
You see here a +0 mace.
You miss Prince Ribbit. Prince Ribbit hits you!
You die...

........>.....# ##.###
).............# #.....
..............# #.....
........?.....# #.....
..............# #.....
..............# ######
..............# #....#
..............#######....#
.......##@#####.....##....
....../#..F...............
.......#............##.>.#
.......#............##...#
.......#.....##.....##...#
.......#.....##.....##...'
.......#............'....#
########.....#....#
#.....##...#


You could see Prince Ribbit.

Vanquished Creatures
  An ogre (D:3)
  A scorpion (D:5)
  3 crimson imps (D:5)
  A bullfrog zombie (D:5)
  A hound (D:4)
  2 orc wizards
  A bullfrog skeleton (D:5)
  A centaur skeleton (D:6)
  7 adders
  3 gnolls (D:5)
  An adder zombie (D:5)
  An adder skeleton (D:5)
  A worm (D:3)
  3 dart slugs
  3 leopard geckos
  9 orcs
  4 giant cockroaches
  8 goblins
  6 hobgoblins
  3 jackals (D:1)
  3 quokkas
  2 ball pythons (D:2)
  14 bats
  5 frilled lizards
  12 kobolds
  A quokka skeleton (D:5)
  7 rats
104 creatures vanquished.

Notes
Turn   | Place    | Note
-------+----------+-------------------------------------------
     0 | D:1      | Elellon the Gargoyle Fighter began the quest for the Orb.
     0 | D:1      | Reached XP level 1. HP: 14/14 MP: 1/1
   135 | D:1      | Reached XP level 2. HP: 19/19 MP: 2/2
   342 | D:1      | Reached XP level 3. HP: 19/23 MP: 3/3
  1100 | D:2      | Reached skill level 3 in Maces & Flails
  1100 | D:2      | Reached XP level 4. HP: 19/28 MP: 4/4
  1691 | D:3      | Reached XP level 5. HP: 33/33 MP: 5/5
  1754 | D:3      | Found a transporter.
  1757 | D:3      | Noticed Elellon's ghost (amateur DDFi)
  1783 | D:3      | Found a transporter.
  2193 | D:3      | Reached skill level 4 in Maces & Flails
  2238 | D:3      | Noticed an ogre
  2247 | D:3      | Killed an ogre
  2247 | D:3      | Reached XP level 6. HP: 38/38 MP: 6/6
  2304 | D:3      | Reached skill level 5 in Maces & Flails
  2766 | D:4      | You fall into a shaft and drop 2 floors!
  2766 | D:6      | Found Plog's Antique Armour Boutique.
  2767 | D:6      | Noticed a phantom
  2889 | D:5      | Entered Level 5 of the Dungeon
  3214 | D:5      | Found an opulent altar of Gozag.
  3258 | D:5      | Reached XP level 7. HP: 43/43 MP: 7/7
  3326 | D:5      | Found a basalt altar of Yredelemnul.
  3393 | D:5      | Noticed Prince Ribbit
  3632 | D:5      | Reached skill level 6 in Maces & Flails
  3740 | D:5      | HP: 1/44 [Prince Ribbit (5)]
  3746 | D:5      | Mangled by Prince Ribbit

Levels and vault maps discovered:
D:1:      scummos_arrival_forest, layout_loops_ring
D:2:      layout_basic
D:3:      layout_loops_corners, gammafunk_ghost_arena
D:4:      layout_loops_ring, minmay_temple_entry_ruins, enter_ossuary_5,
          first_ration
D:5:      cheibrodos_barr_body, layout_gridville, basic_altar,
          yredelemnul_altar_generic, uniq_prince_ribbit1
D:6:      layout_rooms, minitemple, gammafunk_ghost_split, serial_shops, shop,
          uniq_menkaure

Skill      XL: |  1  2  3  4  5  6  7 |
---------------+----------------------+-----
Maces & Flails | 3 4 5 6 |  6.3
Shields        | 4 |  4.1
Armour         | 4 |  4.7
Fighting       | 4 |  4.3
Throwing       | |  0.9
Dodging        | |  0.2

Action                   |  1- 3 |  4- 6 |  7- 9 || total
-------------------------+-------+-------+-------++-------
Melee: Flail             |   160 |   365 |   112 ||   637
Throw: Dart              |       |    26 |       ||    26
  Use: Scroll            |       |     2 |       ||     2
  Eat: Chunk             |     1 |     6 |       ||     7
       Ration            |       |     1 |       ||     1
Armor: Scale mail        |    57 |       |       ||    57
       Chain mail        |    55 |   270 |    45 ||   370
Dodge: Dodged            |    60 |    84 |    20 ||   164
Block: Shield            |   100 |   202 |    71 ||   373
